 Dungeon Crawl Stone Soup version 0.31.0-9-g3a7656b989 (webtiles) character file.

Game seed: 5630305273348723833

321 qw the Shooter (level 6, 0/30 HPs)
             Began as a Spriggan Hunter on Feb 2, 2024.
             Was an Initiate of Okawaru.
             Succumbed to a water moccasin's poison
             ... on level 5 of the Dungeon.
             The game lasted 00:00:15 (3222 turns).

qw the Shooter (Spriggan Hunter)                    Turns: 3222, Time: 00:00:16

Health: 0/30       AC:  2    Str:  7    XL:     6   Next: 22%
Magic:  7/7        EV: 21    Int: 11    God:    Okawaru [......]
Gold:   87         SH:  0    Dex: 20    Spells: 5/5 levels left

rFire   + . .        a - +0 orcbow
rCold   . . .        (shield currently unavailable)
rNeg    . . .        c - +0 robe
rPois   .            (helmet restricted)
rElec   .            (no cloak)
rCorr   +            (gloves unavailable)
SInv    +            (boots unavailable)
Will    +....        (no amulet)
Stlth   +++          d - ring of protection from fire
HPRegen 0.25/turn    g - ring of resist corrosion
MPRegen 0.10/turn

%: no passive effects
@: lethally poisoned (0 -> -33), about to teleport, very quick
A: very small, no large weapons, unfitting armour, see invisible, speed 3, horns
1, camouflage 1, mutation resistance 1
a: Renounce Religion


You were on level 5 of the Dungeon.
You worshipped Okawaru.
Okawaru was noncommittal.
You visited 2 branches of the dungeon, and saw 6 of its levels.

You collected 190 gold pieces.
You spent 103 gold pieces at shops.


Innate Abilities, Weirdness & Mutations

You are very small and have problems with some larger weapons.
You are too small for most types of armour.
You have supernaturally acute eyesight. (SInv)
You cover ground extremely quickly. (Speed+++)
You have a pair of small horns on your head.
Your skin changes colour to match your surroundings (Stealth+).
You are somewhat resistant to further mutation.


   Skills:
 - Level 2.1 Fighting
 - Level 6.1 Ranged Weapons
 + Level 5.8 Dodging
 - Level 1.5 Stealth


You had 5 spell levels left.
You didn't know any spells.
Your spell library was empty.

Inventory:

Hand Weapons
 a - a +0 orcbow (weapon)
 e - a +0 shortbow of flaming
Armour
 c - a +0 robe (worn)
Jewellery
 d - a ring of protection from fire (left hand)
 g - a ring of resist corrosion (right hand)
Wands
 i - a wand of flame (10) (quivered)
Scrolls
 h - a scroll of identify
Potions
 f - a potion of curing
 j - a potion of heal wounds {unknown}

Dungeon Overview and Level Annotations

Branches:
Dungeon (5/15)             Temple (1/1) D:4

Altars:
Ashenzari
Cheibriados
Dithmenos
Elyvilon
Fedhas
Hepliaklqana
Kikubaaqudgha
Makhleb
Nemelex Xobeh
Okawaru
Qazlal
Ru
Sif Muna
Trog
Vehumet
Wu Jian
Xom
Yredelemnul
Zin
The Shining One

Shops:
D:5 *


Message History

Press: ? - help, Q - select action, (/) - cycle Shift-Dir - straight line, f/p - water moccasin The puff of flame misses the water moccasin.
The water moccasin bites you.
You are poisoned.
The water moccasin poisons you! The water moccasin barely misses you.
3218 ||| ZAPPING wand of flame (14) at -1,-1 (water moccasin; floor).
Aiming: Throw Flame
Press: ? - help, Q - select action, (/) - cycle Shift-Dir - straight line, f/p - water moccasin The puff of flame hits the water moccasin.
The water moccasin is moderately wounded.
You feel very sick. The water moccasin misses you.
3219 ||| ZAPPING wand of flame (13) at -1,-1 (water moccasin; floor).
Aiming: Throw Flame
Press: ? - help, Q - select action, (/) - cycle Shift-Dir - straight line, f/p - water moccasin The puff of flame hits the water moccasin.
The water moccasin is heavily wounded.
You feel very sick. The water moccasin barely misses you.
The water moccasin bites you.
3220 ||| ZAPPING wand of flame (12) at -1,-1 (water moccasin; floor).
Aiming: Throw Flame
Press: ? - help, Q - select action, (/) - cycle Shift-Dir - straight line, f/p - water moccasin The puff of flame hits the water moccasin.
The water moccasin is heavily wounded.
You feel sick. The water moccasin bites you.
You are lethally poisoned!
The water moccasin poisons you!
3221 ||| ZAPPING wand of flame (11) at -1,-1 (water moccasin; floor).
Aiming: Throw Flame
Press: ? - help, Q - select action, (/) - cycle Shift-Dir - straight line, f/p - water moccasin The puff of flame hits the water moccasin!
The water moccasin is almost dead.
You feel very sick. The water moccasin bites you.
You are more poisoned.
The water moccasin poisons you!
3222 ||| READING scroll of teleportation.
As you read the scroll of teleportation, it crumbles to dust.
You feel strangely unstable.
You die...

######## ....... #......# .......
#......# ....... #......#
#.........# #......# .#
#.........# #......#
.######.........# #......#
##....#........S#####......######
#.....#.........@...............#
#.....#.........................#
#.....#......###................#
#.....'......#%#........%.......#
#####'#..###.###...........######
.........#%#...............#
.........###.\.###.........#
.........).....#%####......#
...........###.###..#......#


You could see a water moccasin.

Vanquished Creatures
  A centaur (D:5)
  A hound (D:3)
  An iguana (D:5)
  A sleepcap (D:3)
  2 gnolls
  6 adders
  3 ribbon worms
  3 dart slugs (D:1)
  2 orcs
  7 bats
  9 endoplasms
  3 giant cockroaches
  6 hobgoblins
  A jackal (D:4)
  7 kobolds
  3 quokkas
  4 ball pythons
  3 frilled lizards
  10 goblins
  7 rats
80 creatures vanquished.

Notes
Turn   | Place    | Note
-------+----------+-------------------------------------------
     0 | D:1      | qw the Spriggan Hunter began the quest for the Orb.
     0 | D:1      | Reached XP level 1. HP: 10/10 MP: 2/2
     0 | D:1      | 0 ||| qw: Version: 0.3-a-155-g5e7d8dd
     0 | D:1      | 0 ||| qw: Game counter: 2018
     0 | D:1      | 0 ||| qw: Melee chars always use a shield: true
     0 | D:1      | 0 ||| qw: God list: Okawaru
     0 | D:1      | 0 ||| qw: Allow faded altars: false
     0 | D:1      | 0 ||| qw: Do Orc after clearing Dungeon:15 true
     0 | D:1      | 0 ||| qw: Do second Lair branch before Depths: true
     0 | D:1      | 0 ||| qw: Lair rune preference: random
     0 | D:1      | 0 ||| qw: Goals: Normal
     0 | D:1      | 0 ||| PLANNING D:1-11
    18 | D:1      | Reached skill level 3 in Dodging
    18 | D:1      | Reached XP level 2. HP: 14/14 MP: 3/3
   289 | D:1      | Reached XP level 3. HP: 18/18 MP: 4/4
   457 | D:1      | You fall into a shaft and drop 1 floor!
   631 | D:2      | 631 ||| UPGRADING to ring of protection from fire.
   632 | D:2      | 632 ||| READING scroll labelled IGHEOM ANYLI.
   632 | D:2      | 632 ||| IDENTIFYING coppery potion
   633 | D:2      | 633 ||| READING 2 scrolls labelled WOROLUHOUTO.
   634 | D:2      | 634 ||| DRINKING 2 red potions.
   635 | D:2      | 635 ||| DROPPING scroll of butterflies.
   636 | D:2      | 636 ||| DROPPING potion of attraction.
   637 | D:2      | 637 ||| DROPPING scroll of poison.
   639 | D:2      | 639 ||| Stepping ~*~*~tactically~*~*~ (cloud).
   640 | D:2      | 640 ||| DRINKING potion of curing.
   640 | D:2      | 640 ||| (to cure poison)
   655 | D:2      | 655 ||| FLEEEEING.
   656 | D:2      | 656 ||| STAIRDANCE
  1034 | D:1      | 1034 ||| READING 3 scrolls labelled PUAFUZX IREU.
  1035 | D:1      | 1035 ||| READING scroll labelled KECSON XEFA.
  1039 | D:1      | 1039 ||| DRINKING 2 black potions.
  1039 | D:1      | Gained mutation: You have a pair of small horns on your
                  | head. [potion of mutation]
  1039 | D:1      | Gained mutation: You sometimes lose your temper in combat.
                  | [potion of mutation]
  1039 | D:1      | Gained mutation: You have an increased reservoir of magic.
                  | (+10% MP) [potion of mutation]
  1040 | D:1      | 1040 ||| DRINKING potion of mutation.
  1040 | D:1      | Lost mutation: You sometimes lose your temper in combat.
                  | [potion of mutation]
  1040 | D:1      | Lost mutation: You have an increased reservoir of magic.
                  | (+10% MP) [potion of mutation]
  1040 | D:1      | Gained mutation: Your skin changes colour to match your
                  | surroundings (Stealth+). [potion of mutation]
  1040 | D:1      | Gained mutation: You are somewhat resistant to further
                  | mutation. [potion of mutation]
  1041 | D:1      | 1041 ||| DROPPING 2 scrolls of fear.
  1121 | D:2      | 1121 ||| STAIRDANCE
  1128 | D:2      | Reached skill level 5 in Ranged Weapons
  1180 | D:2      | Reached XP level 4. HP: 22/22 MP: 5/5
  1829 | D:2      | 1829 ||| UPGRADING to ring of resist corrosion.
  1830 | D:2      | 1830 ||| READING scroll labelled XELASTR TOIRAJ.
  1921 | D:3      | Found a faded altar of an unknown god.
  2121 | D:3      | Found an ornate altar of the Wu Jian Council.
  2240 | D:3      | 2240 ||| READING scroll of identify.
  2240 | D:3      | 2240 ||| IDENTIFYING clear potion
  2241 | D:3      | 2241 ||| READING scroll labelled JOCODE RURHOUTU.
  2241 | D:3      | 2241 ||| ENCHANTING +0 shortbow.
  2242 | D:3      | 2242 ||| DRINKING 2 white potions.
  2294 | D:3      | 2294 ||| DROPPING potion of lignification.
  2295 | D:3      | 2295 ||| DROPPING potion of invisibility.
  2323 | D:4      | 2323 ||| STAIRDANCE
  2370 | D:4      | 2370 ||| STAIRDANCE
  2374 | D:3      | Reached XP level 5. HP: 26/26 MP: 6/6
  2378 | D:4      | 2378 ||| STAIRDANCE
  2495 | D:4      | Found a sparkling altar of Nemelex Xobeh.
  2495 | D:4      | Found an ancient bone altar of Kikubaaqudgha.
  2503 | D:4      | Found a faded altar of an unknown god.
  2505 | D:4      | Found a broken altar of Ashenzari.
  2520 | D:4      | Found a white marble altar of Elyvilon.
  2587 | D:4      | Found a staircase to the Ecumenical Temple.
  2588 | D:4      | 2588 ||| PLANNING TEMPLE
  2588 | D:4      | 2588 ||| READING scroll labelled PAINEDO HETU.
  2596 | Temple   | Entered the Ecumenical Temple
  2597 | Temple   | 2597 ||| PLANNING OKAWARU WORSHIP
  2600 | Temple   | Became a worshipper of Warmaster Okawaru
  2601 | Temple   | 2601 ||| PLANNING D:1-11
  2833 | D:4      | Found a shimmering altar of Xom.
  2986 | D:4      | 2986 ||| READING scroll labelled OVOIFOOCUM.
  3110 | D:5      | Entered Level 5 of the Dungeon
  3150 | D:5      | Found Zyreem's General Store.
  3164 | D:5      | Reached skill level 6 in Ranged Weapons
  3169 | D:5      | 3169 ||| BUYING +0 shortbow of flaming (81 gold).
  3169 | D:5      | Bought a +0 shortbow of flaming for 81 gold pieces
  3169 | D:5      | 3169 ||| SHOPLISTING +2 orcbow of electrocution (227 gold,
                  | have 90).
  3169 | D:5      | 3169 ||| BUYING scroll of identify (22 gold).
  3169 | D:5      | Bought a scroll of identify for 22 gold pieces
  3169 | D:5      | 3169 ||| SHOPLISTING wand of iceblast (5) (132 gold, have
                  | 68).
  3169 | D:5      | 3169 ||| SWAPPING to +0 shortbow of flaming.
  3170 | D:5      | 3170 ||| DROPPING +1 shortbow.
  3180 | D:5      | Noticed a centaur
  3183 | D:5      | Killed a centaur
  3184 | D:5      | Reached XP level 6. HP: 30/30 MP: 7/7
  3211 | D:5      | Noticed a water moccasin
  3212 | D:5      | 3212 ||| SWAPPING to +0 orcbow.
  3213 | D:5      | 3213 ||| ZAPPING wand of flame (19) at -3,-4 (water
                  | moccasin; floor).
  3214 | D:5      | 3214 ||| ZAPPING wand of flame (18) at -3,-3 (water
                  | moccasin; floor).
  3215 | D:5      | 3215 ||| ZAPPING wand of flame (17) at -1,-1 (water
                  | moccasin; floor).
  3216 | D:5      | 3216 ||| ZAPPING wand of flame (16) at -1,-1 (water
                  | moccasin; floor).
  3217 | D:5      | 3217 ||| ZAPPING wand of flame (15) at -1,-1 (water
                  | moccasin; floor).
  3218 | D:5      | 3218 ||| ZAPPING wand of flame (14) at -1,-1 (water
                  | moccasin; floor).
  3219 | D:5      | 3219 ||| ZAPPING wand of flame (13) at -1,-1 (water
                  | moccasin; floor).
  3220 | D:5      | 3220 ||| ZAPPING wand of flame (12) at -1,-1 (water
                  | moccasin; floor).
  3221 | D:5      | 3221 ||| ZAPPING wand of flame (11) at -1,-1 (water
                  | moccasin; floor).
  3221 | D:5      | HP: 7/30 [water moccasin (4)]
  3222 | D:5      | 3222 ||| READING scroll of teleportation.
  3222 | D:5      | Succumbed to a water moccasin's poison

Levels and vault maps discovered:
D:1:      heliophobic_arrival_enchanted_forest, layout_basic
D:2:      layout_loops_corners, hangedman_decor_growths, minmay_hexomino_f4
D:3:      layout_rooms, nicolae_wu_jian_immortal_techniques,
          basic_ecumenical_altar
D:4:      layout_rooms, chequers_temple_overflow_minitemple, marbit_many_paths,
          minmay_temple_entry_junction_2
D:5:      layout_gridville, grunt_gozag_breadcrumbs, serial_shops,
          nicolae_shop_gibbet_a_chance, hex_tiny
Temple:   compressed_dpeg_circular_temple

Skill      XL: |  1  2  3  4  5 |
---------------+----------------+-----
Dodging        | 3 4 5 |  5.8
Ranged Weapons | 5 6 |  6.1
Fighting       | 2 |  2.1
Stealth        | |  1.5

Action                     |  1- 3 |  4- 6 || total
---------------------------+-------+-------++-------
   Fire: Shortbow          |    88 |   116 ||   204
  Evoke: Wand              |       |     9 ||     9
    Use: Scroll            |     4 |     6 ||    10
         Potion            |     4 |     1 ||     5
 Armour: Robe              |     9 |    16 ||    25
  Dodge: Dodged            |    28 |    64 ||    92

Table legend:
 A = Non-vault XP
 B = Vault XP
 C = Vault XP percentage of total XP
 D = Non-vault monster count
 E = Vault monster count
 F = Vault count percentage of total count
                 A         B        C        D         E       F
            +---------+---------+-------+---------+---------+-------
      Total |     438 |      21 |   4.6 |      75 |       5 |   6.2
            +---------+---------+-------+---------+---------+-------
        D:1 |      66 |       2 |   2.9 |      31 |       1 |   3.1
        D:2 |      35 |      17 |  32.7 |      12 |       3 |  20.0
        D:3 |     115 |       0 |   0.0 |      16 |       0 |   0.0
        D:4 |      73 |       2 |   2.7 |      13 |       1 |   7.1
        D:5 |     149 |       0 |   0.0 |       3 |       0 |   0.0
            +---------+---------+-------+---------+---------+-------
